[Event "FIDE WCCC Girls-12 2024"]
[Site "Montesilvano"]
[Date "2024.11.18"]
[Round "4.13"]
[White "Gailevska, Milana"]
[Black "Tran Le Vy"]
[Result "0-1"]
[ECO "D02"]
[WhiteElo "1698"]
[BlackElo "1854"]
[Annotator "NA RC"]
[PlyCount "68"]
[EventDate "2024.11.18"]
[EventType "swiss"]
[EventCountry "ITA"]
[SourceTitle "playchess.com"]
[Source "ChessBase"]
[SourceQuality "1"]
[TimeControl "5400+30"]

1. d4 d5 2. Bf4 c5 3. e3 Nc6 4. c3 cxd4 5. exd4 Nf6 6. Nd2 g6 7. h3 Bg7 8. Ngf3 O-O 9. Be2 b6 10. O-O Bb7 11. Re1 Ne4 12. Bd3 f5 13. Ng5 Qd7 14. f3 h6 15. fxe4 fxe4 16. Ngxe4 dxe4 17. Bc4+ Kh7 18. Bg3 Nxd4 19. Nxe4 Qc6 20. cxd4 Qxc4 21. Kh1 Rad8 22. Rc1 Qb4 23. Qe2 Rxd4 24. Nc3 Rd7 25. Qe6 Rd2 26. Qxe7 Bxg2+ 27. Kg1 Qd4+ 28. Re3 Rf3 29. Rce1 Rxg3 30. Kh2 Bc6+ 31. R3e2 Rg2+ 32. Rxg2 Rxg2+ 33. Kh1 Rg1+ 34. Kh2 Qf2# 0-1

[Event "FIDE WCCC Girls-12 2024"]
[Site "Montesilvano"]
[Date "2024.11.18"]
[Round "4.29"]
[White "Xikmatkhonova, Mokhinur"]
[Black "Laurincova, Timea"]
[Result "1/2-1/2"]
[ECO "B36"]
[WhiteElo "1726"]
[BlackElo "1549"]
[Annotator "NA RC"]
[PlyCount "164"]
[EventDate "2024.11.18"]
[EventType "swiss"]
[EventCountry "ITA"]
[SourceTitle "playchess.com"]
[Source "ChessBase"]
[SourceQuality "1"]
[TimeControl "5400+30"]

1. e4 c5 2. Nf3 Nc6 3. d4 cxd4 4. Nxd4 g6 5. c4 Nf6 6. Nc3 d6 7. Be2 Nxd4 8. Qxd4 Bg7 9. Be3 O-O 10. Qd2 a5 11. f3 a4 12. O-O Qa5 13. Rac1 Be6 14. Nd5 Qxd2 15. Nxe7+ Kh8 16. Bxd2 Rfe8 17. Nd5 Nxd5 18. cxd5 Bxd5 19. Bb5 Re5 20. Bc3 Bxa2 21. Bxe5 Bxe5 22. Rc2 Bb3 23. Rd2 Ra5 24. Bd3 b5 25. g3 b4 26. Bb1 a3 27. bxa3 bxa3 28. Ba2 Bxa2 29. Rxa2 Bb2 30. Rd1 Ra6 31. Rd2 Rc6 32. Kf2 Kg7 33. Ke2 Kf6 34. f4 Ke6 35. Raxb2 axb2 36. Rxb2 f5 37. exf5+ Kxf5 38. Kd3 Rc7 39. Kd4 Ke6 40. h3 h5 41. Re2+ Kf5 42. Ra2 Rc5 43. Ra3 h4 44. Rf3 hxg3 45. Rxg3 Kf6 46. Rd3 Kf5 47. Rg3 Kf6 48. Rd3 Ra5 49. Ke4 Ke6 50. Kf3 Rh5 51. Kg4 d5 52. Re3+ Kf6 53. Re8 Kf7 54. Rd8 Rf5 55. Rd6 Kg7 56. Rd8 Rh5 57. Rd6 Kf7 58. Ra6 Rh6 59. Rd6 Rh5 60. Ra6 Kg7 61. Ra7+ Kh6 62. Rf7 d4 63. Rd7 Ra5 64. Rxd4 Rb5 65. Rc4 Rb1 66. Rc3 Rg1+ 67. Rg3 Rb1 68. Rg2 Rb5 69. Rc2 Rb1 70. Rc3 Rg1+ 71. Rg3 Rb1 72. Rg2 Rb5 73. h4 Rc5 74. Rg1 Rb5 75. Re1 Rc5 76. Re5 Rc1 77. Re3 Rg1+ 78. Rg3 Rc1 79. Rg2 Rc5 80. Rg1 Rb5 81. Rh1 Rc5 82. Rb1 Ra5 1/2-1/2